 Dungeon Crawl Stone Soup version 0.27-a0-836-gfc908b8576 (webtiles) character file.

Game seed: 16201240279522149844

25 polve the Changer (level 2, 0/23 HPs)
             Began as a Draconian Transmuter on Mar 31, 2021.
             Slain by a goblin
             ... wielding a +0 club
             ... led by Robin
              (5 damage)
             ... on level 2 of the Dungeon.
             The game lasted 00:00:55 (1309 turns).

polve the Changer (Draconian Transmuter)            Turns: 1309, Time: 00:00:56

Health: 0/23       AC:  4    Str: 12    XL:     2   Next: 82%
Magic:  4/5        EV: 12    Int: 19    God:
Gold:   42         SH:  0    Dex: 11    Spells: 4/5 levels left

rFire    + . .     SeeInvis .     - Unarmed
rCold    . . .     Faith    .   (no shield)
rNeg     . . .     Spirit   .   (armour unavailable)
rPois    .         Reflect  .   (helmet currently unavailable)
rElec    .         Harm     .   (no cloak)
rCorr    .         Rampage  .   (no gloves)
Will     .....                  (boots currently unavailable)
Stlth    +.........             (no amulet)
HPRegen  0.07/turn              d - +6 ring of intelligence
MPRegen  0.09/turn              j - ring of protection from fire

@: appendages (expiring)
A: horns 2, talons 2, AC +4, unfitting armour, cold-blooded
a: End Transformation


You were on level 2 of the Dungeon.
You had temporarily grown beastly horns and talons.
You visited 1 branch of the dungeon, and saw 2 of its levels.

You collected 42 gold pieces.

Inventory:

Jewellery
 a - a ring of see invisible
 d - a +6 ring of intelligence (left hand)
 j - a ring of protection from fire (right hand)
Wands
 i - a wand of iceblast (10)
Scrolls
 b - a scroll of fog {unknown}
 f - 2 scrolls of identify {unknown}
 h - a scroll of noise {unknown}
Potions
 c - a potion of lignification {unknown}
 e - a potion of degeneration {unknown}
 g - a potion of heal wounds {unknown}


   Skills:
 - Level 1.1 Fighting
 - Level 1.7 Dodging
 - Level 3.0 Unarmed Combat
 - Level 2.0 Spellcasting
 + Level 3.4 Transmutations


You had 4 spell levels left.
You knew the following spells:

 Your Spells              Type           Power      Damage    Failure   Level
a - Beastly Appendage     Tmut           28%        N/A       4%          1

Your spell library contained the following spells:

 Spells                   Type           Power      Damage    Failure   Level
 Wereblood                Tmut           14%        N/A       6%          2
 Spider Form              Tmut/Pois      4%         N/A       26%         3
 Confusing Touch          Hex            1%         N/A       45%         3
 Gell's Gravitas          Tloc           0%         N/A       45%         3
 Ice Form                 Ice/Tmut       8%         N/A       63%         4
 Petrify                  Tmut/Erth      8%         N/A       63%         4
 Hydra Form               Tmut           7%         N/A       75%         5
 Yara's Violent Unravell  Hex/Tmut       4%         3d4       93%         5
 Metabolic Englaciation   Hex/Ice        0%         N/A       99%         5


Dungeon Overview and Level Annotations

Branches:
Dungeon (2/15)

Altars:
Makhleb

Shops:
D:1 *


Innate Abilities, Weirdness & Mutations

You have temporarily grown beastly horns and talons.
Your plain brown scales are hard. (AC +4)
You cannot fit into any form of body armour.
You are cold-blooded and may be slowed by cold attacks.


Message History

Confirm with . or Enter, or press ? or * to list all spells.
You grow a pair of large bovine horns.
Your feet morph into talons.
The goblin closely misses you.
You hit the goblin. Your headbutt misses the goblin.
The goblin is severely wounded.
The goblin misses you.
You barely miss the goblin.
The goblin is severely wounded.
The goblin hits you with a +0 dagger.
Your magical contamination has completely faded away.
You closely miss the goblin.
The goblin is severely wounded.
The goblin hits you with a +0 dagger.
You closely miss the goblin.
The goblin is severely wounded.
The goblin closely misses you.
You hit the goblin.
You kill the goblin!
The ball python barely misses you. The ball python grabs you.
The ball python constricts you.
You hit the ball python.
The ball python is moderately wounded.
The ball python bites you but does no damage.
The ball python constricts you.
You closely miss the ball python. Your kick misses the ball python.
The ball python is moderately wounded.
The ball python completely misses you. The ball python constricts you.
You hit the ball python.
You kill the ball python!
You miss the goblin. You headbutt the goblin.
You kill the goblin!
You hit the goblin.
The goblin is moderately wounded.
The goblin hits you with a +0 club.
* * * LOW HITPOINT WARNING * * *
You closely miss the goblin. You tail-slap the goblin.
The goblin is heavily wounded.
Your transformation is almost over.
The goblin hits you with a +0 club.
You die...

#g# ..... #..
.#g#...... #..
.#g#...... #..
..†....... #..
#.#############
########..
.#.....gSgg..g.#
..........
#......#######.#
###########..
.......#
#.######...........#
......##
#.g@...............+
#.....#
########...........#
#.....#
#.........<.#
#.....#
#...........#
#....##
#...........# #....
##########... ####


You could see a goblin.

Vanquished Creatures
  A dart slug (D:2)
  4 ball pythons
  2 bats (D:2)
  3 endoplasms (D:1)
  3 goblins (D:2)
  2 hobgoblins
  2 kobolds (D:1)
  3 rats (D:1)
20 creatures vanquished.

Notes
Turn   | Place    | Note
-------+----------+-------------------------------------------
     0 | D:1      | polve the Draconian Transmuter began the quest for the Orb.
     0 | D:1      | Reached XP level 1. HP: 16/16 MP: 3/3
   511 | D:1      | Reached XP level 2. HP: 23/23 MP: 5/5
   569 | D:1      | Found Mouh's Assorted Antiques.
  1098 | D:2      | Found a burning altar of Makhleb.
  1309 | D:2      | Slain by a goblin

Illustrated notes

Levels and vault maps discovered:
D:1:      minmay_arrival_four_houses, layout_loops_corners, serial_shops,
          nicolae_shop_statue_plus
D:2:      layout_basic, bloody_trog, marbit_many_paths,
          chequers_ecumenical_altar_lobes, nrook_loot_triangle, uniq_robin

Skill      XL: |  1  2 |
---------------+-------+-----
Transmutations | 3 |  3.4
Fighting       | |  1.1
Dodging        | |  1.7
Unarmed Combat | |  3.0
Spellcasting   | |  2.0

Action                   || total
-------------------------++-------
Melee: Unarmed           ||    62
       Tailslap          ||     5
       Kick              ||     4
       Headbutt          ||     3
 Cast: Beastly Appendage ||     9
 Stab: Sleeping          ||     1
Armor: Skin              ||    22
Dodge: Dodged            ||    48

Table legend: (Time is in decaauts)
 A = Elapsed time spent in this place.
 B = Non-inter-level travel time spent in this place.
 C = Inter-level travel time spent in this place.
 D = Time resting spent in this place.
 E = Time spent auto-exploring this place.
 F = Levels seen in this place.
 G = Mean time per level.
                   A        B        C        D        E       F      G
               +--------+--------+--------+--------+--------+-----+--------+
         Total |   1304 |   1282 |     22 |      0 |   1128 |   2 |  652.0 |
       Dungeon |   1304 |   1282 |     22 |      0 |   1128 |   2 |  652.0 |
               +--------+--------+--------+--------+--------+-----+--------+

Top non-repeatable levels by time:
     D:1: 957 daAuts
     D:2: 347 daAuts
